 Dungeon Crawl Stone Soup version 0.29-a0-1027-gcd8c55af63 (webtiles) character file.

Game seed: 9560528130452618721

1036 frimble the Slasher (level 8, -4/91 HPs)
             Began as a Demonspawn Earth Elementalist on Aug 12, 2022.
             Was a Believer of Cheibriados.
             Slain by a yak (7 damage)
             ... on level 5 of the Dungeon.
             The game lasted 00:07:08 (6062 turns).

frimble the Slasher (Demonspawn Earth Elementalist) Turns: 6062, Time: 00:07:08

Health: -4/91      AC: 24    Str: 15    XL:     8   Next: 4%
Magic:  11/11      EV:  2    Int: 21    God:    Cheibriados [**....]
Gold:   238        SH:  0    Dex: 20    Spells: 10/11 levels left

rFire   . . .      SeeInvis .   c - +0 long sword
rCold   . . .      Faith    .   (no shield)
rNeg    + . .      Spirit   .   (body armour currently unavailable)
rPois   +          Reflect  .   (helmet currently unavailable)
rElec   .          Harm     .   (cloak currently unavailable)
rCorr   .          Rampage  .   (gloves currently unavailable)
Will    +....      NoTele   +   (boots currently unavailable)
Stlth   ++........              a - amulet of the acrobat
HPRegen 0.25/turn               p - ring of positive energy
MPRegen 0.12/turn               s - ring of willpower

@: mighty, tree-form (expiring), hasted, slow
A: stationary, stasis, torment immunity, boosted hp, (yellow scales 1), demonic
guardian 3, powered by pain 1
a: Renounce Religion, Bend Time


You were on level 5 of the Dungeon.
You worshipped Cheibriados.
Cheibriados was pleased with you.
You were a tree.
You visited 1 branch of the dungeon, and saw 5 of its levels.

You collected 238 gold pieces.

Inventory:

Hand Weapons
 c - a +0 long sword (weapon)
Armour
 i - a +3 ring mail (melded)
 r - a +0 pair of gloves (melded)
Jewellery
 a - an amulet of the acrobat (around neck)
 p - a ring of positive energy (left branch)
 s - a ring of willpower (right branch)
Scrolls
 f - a scroll of amnesia
 g - 3 scrolls of teleportation
 h - a scroll of torment
 k - a scroll of noise
 l - 2 scrolls of enchant armour
 m - 2 scrolls of summoning
Potions
 b - 2 potions of magic
 d - a potion of might
 e - 3 potions of attraction
 j - 2 potions of lignification


   Skills:
 - Level 4.6 Fighting
 + Level 5.6 Long Blades
 - Level 2.0 Armour
 + Level 3.7 Dodging
 - Level 1.9 Stealth
 - Level 2.1 Spellcasting
 - Level 1.2 Transmutations
 - Level 2.8 Earth Magic


You had 10 spell levels left.
You knew the following spells:

 Your Spells              Type           Power      Damage    Failure   Level
a - Sandblast             Erth           28%        2d8       4%          1

Your spell library contained the following spells:

 Spells                   Type           Power      Damage    Failure   Level
 Passwall                 Tmut/Erth      8%         N/A       10%         2
 Stone Arrow              Conj/Erth      16%        3d8       24%         3
 Ozocubu's Armour         Ice            2%         N/A       41%         3
 Petrify                  Tmut/Erth      10%        N/A       54%         4
 Ozocubu's Refrigeration  Ice            1%         4d7       100%        7


Dungeon Overview and Level Annotations

Branches:
Dungeon (5/15)
 Temple: D:4-7

Altars:
Cheibriados
Hepliaklqana
Kikubaaqudgha
Nemelex Xobeh
Wu Jian

Annotations:
D:4 Eustachio


Innate Abilities, Weirdness & Mutations

You are a tree.
Your roots penetrate the ground, keeping you stationary.
You cannot be teleported.
You are immune to unholy pain and torment.
Your maximum health is greatly increased.
Your equipment is partially melded.
((You are partially covered in yellow scales. (AC +2)))
A powerful demonic guardian rushes to your aid.
You sometimes gain a little power by taking damage.


Message History

The yak gores you.
* * * LOW HITPOINT WARNING * * *
You cannot move. (Use ctrl+direction or * direction to attack while stationary and confused.) Unknown command.
You nearly hit yourself!
The howler monkey hits you.
* * * LOW HITPOINT WARNING * * *
Your orange demon stings the yak!
The yak dies!
Cheibriados appreciates the change of pace.
You have reached level 8!
You feel stronger.
Your demonic ancestry asserts itself...
Your guardian grows in power.
You slash the howler monkey!
The howler monkey is severely wounded.
The howler monkey hits you.
* * * LOW HITPOINT WARNING * * *
You attack the rock wall.
The howler monkey hits you but does no damage.
The yak gores you.
* * * LOW HITPOINT WARNING * * *
You cannot move. (Use ctrl+direction or * direction to attack while stationary and confused.) Unknown command.
Unknown command.
Unknown command.
You feel less invigorated.
You feel less confused.
Your orange demon closely misses the howler monkey.
The howler monkey hits you.
* * * LOW HITPOINT WARNING * * *
You slash the yak!
The yak is moderately wounded.
Your hearing returns.
The yak gores you but does no damage. The yak gores you!
* * * LOW HITPOINT WARNING * * *
The howler monkey hits you but does no damage.
Your orange demon closely misses the howler monkey.
You barely miss the yak.
The yak is moderately wounded.
The yak gores you!
You die...

#..........# #.......
#..........# #.......
#........))# #.......
.#.........)###.......
....(................. .
##.....###........#. #..
#..............#.#.
#....#YY............#.#.
#>....h♣4...............
##....##............#.#.
#... #............#.#.
#.. .............#.## #.
##......[.....#... #
#............####
#...............#
...########.##.# #.##.#


You could see 2 yaks, a howler monkey (ally target) and a friendly orange demon
(summoned).

Vanquished Creatures
  Sigmund (D:2)
  A yak (D:5)
  A scorpion (D:5)
  2 orc priests (D:3)
  3 hounds
  2 iguanas
  3 orc wizards
  5 adders
  2 worms
  2 dart slugs (D:1)
  12 orcs
  5 bats
  16 endoplasms
  5 giant cockroaches
  6 goblins
  4 hobgoblins
  4 jackals (D:3)
  3 quokkas
  13 ball pythons
  5 frilled lizards
  5 kobolds
  6 rats
106 creatures vanquished.

Vanquished Creatures (collateral kills)
  A yak (D:5)
  A phantom (D:4)
  An iguana (D:4)
  An ufetubus (D:4)
  An orc (D:3)
  A hobgoblin (D:3)
6 creatures vanquished.

Grand Total: 112 creatures vanquished

Notes
Turn   | Place    | Note
-------+----------+-------------------------------------------
     0 | D:1      | frimble the Demonspawn Earth Elementalist began the quest
                  | for the Orb.
     0 | D:1      | Reached XP level 1. HP: 13/13 MP: 3/3
    64 | D:1      | Reached skill level 1 in Transmutations
   410 | D:1      | Found a faded altar of an unknown god.
   460 | D:1      | Gained mutation: You sometimes gain a little power by
                  | taking damage. [demonic ancestry]
   460 | D:1      | Reached XP level 2. HP: 19/19 MP: 5/5
   702 | D:1      | Reached skill level 1 in Fighting
   764 | D:1      | Reached skill level 1 in Long Blades
   771 | D:1      | Reached XP level 3. HP: 16/26 MP: 6/6
  1836 | D:2      | Found a snail-covered altar of Cheibriados.
  1846 | D:2      | Became a worshipper of Cheibriados the Contemplative
  1943 | D:2      | Noticed Sigmund
  2024 | D:3      | Gained mutation: You are partially covered in yellow
                  | scales. (AC +2) [demonic ancestry]
  2024 | D:3      | Reached XP level 4. HP: 20/33 MP: 3/7
  2173 | D:2      | Reached skill level 2 in Long Blades
  2518 | D:3      | Found a hazy altar of Hepliaklqana.
  2519 | D:3      | Found a faded altar of an unknown god.
  2528 | D:3      | Gained mutation: A weak demonic guardian rushes to your
                  | aid. [demonic ancestry]
  2528 | D:3      | Reached XP level 5. HP: 15/40 MP: 6/8
  2980 | D:3      | Reached skill level 3 in Long Blades
  3058 | D:3      | Reached * piety under Cheibriados
  3258 | D:3      | Found a sparkling altar of Nemelex Xobeh.
  3788 | D:4      | Gained mutation: A demonic guardian rushes to your aid.
                  | [demonic ancestry]
  3788 | D:4      | Reached XP level 6. HP: 32/48 MP: 9/9
  3933 | D:4      | Noticed Eustachio
  4345 | D:4      | Reached skill level 4 in Long Blades
  4397 | D:4      | Reached ** piety under Cheibriados
  4600 | D:4      | Found an ornate altar of the Wu Jian Council.
  4715 | D:4      | Found an ancient bone altar of Kikubaaqudgha.
  5438 | D:2      | Killed Sigmund
  5439 | D:2      | Reached skill level 1 in Armour
  5439 | D:2      | Reached XP level 7. HP: 15/55 MP: 10/10
  5787 | D:5      | Entered Level 5 of the Dungeon
  6032 | D:5      | Noticed a yak
  6040 | D:5      | Noticed a yak
  6040 | D:5      | Noticed a yak
  6042 | D:5      | Noticed a yak
  6049 | D:5      | Killed a yak
  6050 | D:5      | Reached skill level 5 in Long Blades
  6053 | D:5      | HP: 2/82 [yak (5)]
  6057 | D:5      | Killed a yak
  6058 | D:5      | Gained mutation: A powerful demonic guardian rushes to your
                  | aid. [demonic ancestry]
  6058 | D:5      | Reached XP level 8. HP: 8/61 MP: 11/11
  6061 | D:5      | HP: 3/91 [yak (11)]
  6062 | D:5      | Slain by a yak

Illustrated notes

Levels and vault maps discovered:
D:1:      dpeg_arrival_tiny_c, layout_basic, ebering_ecumenical_altar_rust,
          minmay_cupped
D:2:      layout_rooms, basic_altar, st_stairs_6, uniq_sigmund
D:3:      layout_rooms, nemelex_xobeh_ov_fountains_minmay,
          beargit_hepliaklqana_dungeon_heroes
D:4:      layout_gridville, mainiacjoe_overflow_alcove_1,
          nzn_wu_jian_council_hall, mainiacjoe_overflow_six_doors_small,
          uniq_eustachio
D:5:      layout_basic

Skill      XL: |  1  2  3  4  5  6  7 |
---------------+----------------------+-----
Transmutations | 1 |  1.2
Fighting       | 1 2 3 4 |  4.6
Long Blades    | 1 2 3 4 5 |  5.6
Armour         | 1 2 |  2.0
Dodging        | 2 3 |  3.7
Stealth        | |  1.9
Spellcasting   | |  2.1
Earth Magic    | |  2.8

Action                   |  1- 3 |  4- 6 |  7- 9 || total
-------------------------+-------+-------+-------++-------
Melee: Unarmed           |    10 |       |       ||    10
       Long sword        |    91 |   192 |    49 ||   332
       Punch             |       |     3 |     2 ||     5
 Cast: Sandblast         |    15 |    14 |       ||    29
  Use: Scroll            |     2 |     7 |     1 ||    10
       Potion            |       |     3 |     5 ||     8
 Stab: Sleeping          |     6 |     3 |       ||     9
Armor: Robe              |    11 |       |       ||    11
       Steam dragon scal |    20 |    71 |       ||    91
       Ring mail         |       |    52 |    26 ||    78
       Skin              |       |       |    30 ||    30
Dodge: Dodged            |    90 |   166 |    33 ||   289

Table legend: (Time is in decaauts)
 A = Elapsed time spent in this place.
 B = Non-inter-level travel time spent in this place.
 C = Inter-level travel time spent in this place.
 D = Time resting spent in this place.
 E = Time spent auto-exploring this place.
 F = Levels seen in this place.
 G = Mean time per level.
                   A        B        C        D        E       F      G
               +--------+--------+--------+--------+--------+-----+--------+
         Total |   7055 |   6659 |    396 |    253 |   5304 |   5 | 1411.0 |
       Dungeon |   7055 |   6659 |    396 |    253 |   5304 |   5 | 1411.0 |
               +--------+--------+--------+--------+--------+-----+--------+

Top non-repeatable levels by time:
     D:4: 2333 daAuts
     D:1: 1614 daAuts
     D:2: 1505 daAuts
     D:3: 1221 daAuts
     D:5: 381 daAuts
